 Dungeon Crawl Stone Soup version 0.27.1-1-g398f81649c (webtiles) character file.

Game seed: 17227318735728656985

17121 ZARRMARR the Thaumaturge (level 12, -1/73 HPs)
             Began as an Octopode Conjurer on Sept 5, 2021.
             Was a Priest of Sif Muna.
             Slain by a salamander (7 damage)
             ... in a volcano.
             The game lasted 01:24:27 (19039 turns).

ZARRMARR the Thaumaturge (Octopode Conjurer)       Turns: 19039, Time: 01:24:28

Health: -1/73      AC:  1    Str:  7    XL:     12   Next: 44%
Magic:  12/27      EV: 26    Int: 24    God:    Sif Muna [***...]
Gold:   535        SH:  5    Dex: 11    Spells: 24/33 levels left

rFire    + . .     SeeInvis .   (no weapon)
rCold    . . .     Faith    .   (no shield)
rNeg     . . .     Spirit   .   (helmet restricted)
rPois    .         Reflect  +   w - amulet of reflection
rElec    .         Harm     .   b - +4 ring of evasion
rCorr    .         Rampage  .   h - +4 ring of evasion
Will     .....                  v - +4 ring of evasion
Stlth    ++++......             F - ring of protection from fire
HPRegen  0.22/turn              H - ring of wizardry
MPRegen  0.20/turn              (no ring)
                                (no ring)
                                (no ring)

@: no status effects
A: almost no armour, amphibious, 8 rings, camouflage 1, gelatinous body 1,
(nimble swimmer 1), tentacles
a: Renounce Religion, Channel Magic, Forget Spell


You were in a volcano.
You worshipped Sif Muna.
Sif Muna was most pleased with you.
You visited 3 branches of the dungeon, and saw 16 of its levels.
You also visited: Ossuary and Volcano.

You collected 535 gold pieces.

Inventory:

Missiles
 o - a throwing net (quivered)
Jewellery
 b - a +4 ring of evasion (left tentacle)
 h - a +4 ring of evasion (right tentacle)
 v - a +4 ring of evasion (on tentacle)
 w - an amulet of reflection (around mantle)
 F - a ring of protection from fire (on tentacle)
 H - a ring of wizardry (on tentacle)
Wands
 f - a wand of acid (8)
 n - a wand of polymorph (20)
 y - a wand of digging (8)
Scrolls
 d - 2 scrolls of teleportation
 i - 3 scrolls of torment
 j - a scroll of vulnerability
 k - 3 scrolls of enchant armour
 l - 4 scrolls of enchant weapon
 p - 2 scrolls of holy word
 s - a scroll of silence {unknown}
 t - a scroll of blinking {unknown}
 u - a scroll of summoning {unknown}
 x - 3 scrolls of amnesia
 C - a scroll of fear {unknown}
Potions
 a - 13 potions of curing {unknown}
 c - 3 potions of lignification {unknown}
 e - a potion of invisibility {unknown}
 g - 3 potions of attraction {unknown}
 q - a potion of mutation {unknown}
 r - a potion of brilliance {unknown}
 z - a potion of degeneration {unknown}
 A - a potion of magic {unknown}
 B - 2 potions of haste {unknown}
 D - a potion of berserk rage {unknown}
 E - 2 potions of might {unknown}
 G - a potion of heal wounds {unknown}
 J - a potion of resistance {unknown}


   Skills:
 + Level 3.6 Fighting
 + Level 4.3 Dodging
 + Level 6.1 Stealth
 + Level 11.2 Spellcasting
 - Level 10.1 Conjurations
 + Level 11.2 Hexes


You had 24 spell levels left.
You knew the following spells:

 Your Spells              Type           Power      Damage    Failure   Level
a - Magic Dart            Conj           100%       1d8       1%          1
b - Searing Ray           Conj           100%       3d7       1%          2
c - Dazzling Flash        Conj/Hex       100%       N/A       1%          3
d - Tukima's Dance        Hex            61%        N/A       1%          3

Your spell library contained the following spells:

 Spells                   Type           Power      Damage    Failure   Level
 Portal Projectile        Hex/Tloc       80%        N/A       1%          3
 Fulminant Prism          Conj/Hex       29%        3d14      1%          4
 Leda's Liquefaction      Hex/Erth       20%        N/A       1%          4
 Iskenderun's Mystic Bla  Conj/Tloc      37%        2d9       2%          4
 Yara's Violent Unravell  Hex/Tmut       20%        3d9       5%          5
 Call Canine Familiar     Summ           13%        N/A       6%          3
 Passage of Golubria      Tloc           N/A        N/A       19%         4


Dungeon Overview and Level Annotations

Branches:
Dungeon (14/15)            Temple (1/1) D:7            Lair (1/6) D:8
    Orc (0/2) D:10        Ossuary (visited)         Volcano (1/1)
 Vaults: D:13-14

Altars:
Ashenzari
Cheibriados
Dithmenos
Elyvilon
Fedhas
Gozag
Hepliaklqana
Kikubaaqudgha
Makhleb
Nemelex Xobeh
Okawaru
Qazlal
Ru
Sif Muna
Trog
Uskayaw
Vehumet
Wu Jian
Xom
Yredelemnul
Zin
The Shining One

Shops:
D:5 [   D:11 (:!!   D:12 *

Annotations:
D:10 2 transporters
D:12 2 runed translucent doors
D:14 1 transporter, Tuicow's ghost, journeyman DECj


Innate Abilities, Weirdness & Mutations

You cannot wear most types of armour.
You are amphibious.
You can wear up to eight rings at the same time.
Your skin changes colour to match your surroundings (Stealth+).
Your rubbery body absorbs attacks. (AC +1, EV +1)
((You are camouflaged near water. (Stealth+)))
You have tentacles for arms and can constrict up to eight enemies at once.


Message History

You finish channeling your searing ray.
The wyvern completely misses you.
The salamander unwields a +0 shortbow of flaming.
It stops flaming.
You block the salamander's attack.
Casting: Searing Ray (safe; 1% risk of failure)
Confirm with . or Enter, or press ? or * to list all spells.
Aiming: Searing Ray (safe; 1% risk of failure)
Press: ? - help, Shift-Dir - straight line, f/p - komodo dragon
Aim: a komodo dragon (heavily wounded, 87% to hit)
The searing ray misses the wyvern.
The searing ray hits the komodo dragon!
The komodo dragon is almost dead. (Press . to maintain the ray.)
A nearby plant withers and dies.
The wyvern misses you.
The komodo dragon bites the plant!!
The plant begins to die.
The salamander hits you!
You are engulfed in flames.
You resist. The wyvern bites you.
The searing ray hits the wyvern!
You kill the wyvern!
Sif Muna accepts your kill.
The searing ray hits the komodo dragon!
You kill the komodo dragon!
Sif Muna accepts your kill. The salamander misses you.
Unknown command.
Casting: Searing Ray (safe; 1% risk of failure)
Confirm with . or Enter, or press ? or * to list all spells.
The two-headed ogre hits you with a +0 giant club!!
The two-headed ogre completely misses you.
The salamander hits you!
You are engulfed in flames!
You resist.
* * * LOW HITPOINT WARNING * * *
Casting: Dazzling Flash (safe; 1% risk of failure)
Confirm with . or Enter, or press ? or * to list all spells.
Aiming: Tukima's Dance (safe; 1% risk of failure)
Press: ? - help, Shift-Dir - straight line, f - two-headed ogre
Aim: a two-headed ogre, wielding two +0 giant clubs (lightly wounded, chance to affect: 72%)
The two-headed ogre struggles to resist.
The two-headed ogre completely misses you.
The two-headed ogre misses you. The salamander hits you!
* * * LOW HITPOINT WARNING * * *
You are engulfed in flames!
You resist.
You die... °≈ §§≈ ≈§§§ ≈PPP≈

P.P.P♣♣
P..P.PN♣♣
♣†O@♣♣
♣....♣..♣
.....
♣..♣ P..P
♣.P♣


.PP ♣♣.♣♣ ♣P ♣P.P♣ ♣ ♣P.♣♣ ♣♣..♣ ♣♣..P♣ You could see a salamander and a
two-headed ogre.

Vanquished Creatures
  Harold (D:7)
  3 two-headed ogres
  A centaur warrior (D:9)
  A cyclops (D:11)
  An elephant (D:8)
  A gargoyle (D:6)
  2 komodo dragons
  An unseen horror (D:11)
  3 trolls
  4 slime creatures (D:14)
  A meliai zombie (D:11)
  Sigmund (D:3)
  3 shadows
  9 yaks
  A vampire (D:9)
  A wraith (D:11)
  3 wyverns
  2 basilisks (D:8)
  3 fire bats (Volcano)
  A steam dragon (shapeshifter) (D:11)
  4 vampire mosquitoes (D:12)
  A steam dragon (Volcano)
  Menkaure (Ossuary)
  2 two-headed ogre zombies (D:10)
  2 water moccasins (D:8)
  2 ice beasts
  3 orc warriors
  A black bear (D:5)
  2 sky beasts
  8 necrophages
  4 phantoms
  A centaur (D:6)
  4 bullfrogs
  A gnoll sergeant (D:9)
  3 kobold brigands
  3 scorpions (D:7)
  A water moccasin skeleton (D:4)
  A water moccasin zombie (D:6)
  A troll zombie (D:10)
  4 wights (D:10)
  A bullfrog zombie (D:5)
  2 howler monkeys
  8 centaur zombies
  2 hounds
  4 jellies
  2 orc priests (D:10)
  A bullfrog skeleton (D:6)
  3 iguanas
  Natasha (thrice) (D:3)
  11 orc wizards
  5 ogre zombies (D:10)
  5 mummies
  Robin (D:3)
  6 gnolls
  6 adders
  A howler monkey skeleton (D:6)
  2 shadow imps
  2 white imps (D:6)
  2 ufetubi
  An adder skeleton (D:4)
  2 worms
  A dart slug (D:2)
  25 orcs
  6 endoplasms
  4 giant cockroaches
  14 goblins
  9 hobgoblins
  3 jackals (D:3)
  22 kobolds
  A quokka (D:4)
  7 ball pythons
  13 bats
  7 frilled lizards
  3 gnoll skeletons (Ossuary)
  A gnoll zombie (Ossuary)
  4 goblin skeletons
  4 goblin zombies
  7 hobgoblin skeletons
  13 hobgoblin zombies
  5 kobold skeletons (Ossuary)
  7 kobold zombies (Ossuary)
  6 orc skeletons
  18 orc zombies
  11 rats
  5 rat skeletons (Ossuary)
  2 rat zombies (Ossuary)
360 creatures vanquished.

Vanquished Creatures (others)
  A fungus (D:8)
  8 plants
  5 withered plants (D:10)
14 creatures vanquished.

Grand Total: 374 creatures vanquished

Notes
Turn   | Place    | Note
-------+----------+-------------------------------------------
     0 | D:1      | ZARRMARR the Octopode Conjurer began the quest for the Orb.
     0 | D:1      | Reached XP level 1. HP: 11/11 MP: 3/3
   217 | D:1      | Reached XP level 2. HP: 17/17 MP: 0/5
   808 | D:1      | Reached XP level 3. HP: 21/21 MP: 4/6
  1550 | D:2      | Found a glowing golden altar of the Shining One.
  2151 | D:3      | Noticed Sigmund
  2202 | D:2      | Learned a level 2 spell: Searing Ray
  2206 | D:2      | Learned a level 3 spell: Dazzling Flash
  2268 | D:3      | Reached XP level 4. HP: 25/27 MP: 0/8
  2296 | D:3      | Noticed Robin
  2444 | D:3      | Noticed Natasha
  2451 | D:3      | Killed Natasha
  2452 | D:3      | Reached skill level 5 in Conjurations
  2480 | D:3      | Noticed Natasha
  2579 | D:3      | Killed Natasha
  2580 | D:3      | Reached XP level 5. HP: 31/31 MP: 6/10
  2708 | D:3      | Noticed Natasha
  2713 | D:3      | Killed Natasha
  2776 | D:3      | Killed Robin
  3321 | D:3      | Reached XP level 6. HP: 35/36 MP: 6/12
  3372 | D:3      | Found a faded altar of an unknown god.
  4071 | D:4      | Noticed a necrophage
  4077 | D:4      | Killed a necrophage
  4078 | D:4      | Reached skill level 1 in Hexes
  4553 | D:5      | Entered Level 5 of the Dungeon
  4562 | D:5      | Reached XP level 7. HP: 41/41 MP: 8/14
  4594 | D:5      | Found Nyock's Antique Armour Shoppe.
  4607 | D:5      | Reached skill level 5 in Spellcasting
  4780 | D:5      | Found a sand-covered staircase.
  4785 | Ossuary  | Entered an ossuary
  5768 | Ossuary  | Noticed Menkaure
  5772 | Ossuary  | Killed Menkaure
  5773 | Ossuary  | Reached XP level 8. HP: 46/46 MP: 7/16
  6688 | D:6      | Noticed a gargoyle
  6695 | D:6      | Noticed a two-headed ogre
  6697 | D:6      | Killed a gargoyle
  6698 | D:6      | Reached skill level 5 in Hexes
  6698 | D:6      | Reached XP level 9. HP: 51/51 MP: 1/18
  7074 | D:6      | Found a sparkling altar of Nemelex Xobeh.
  7519 | D:6      | Killed a two-headed ogre
  8448 | D:7      | Reached XP level 10. HP: 52/56 MP: 14/21
  8941 | D:7      | Noticed Harold
  8949 | D:7      | Killed Harold
  9205 | D:7      | Found a staircase to the Ecumenical Temple.
  9215 | D:7      | Found an ornate altar of the Wu Jian Council.
  9231 | Temple   | Entered the Ecumenical Temple
  9337 | Temple   | Became a worshipper of Sif Muna the Loreminder
  9364 | D:8      | Found a blossoming altar of Fedhas.
  9479 | D:8      | Reached skill level 10 in Conjurations
 10007 | D:8      | Found a radiant altar of Vehumet.
 10038 | D:8      | Found a staircase to the Lair.
 10038 | D:8      | Noticed an elephant
 10064 | D:8      | Killed an elephant
 10954 | D:8      | Learned a level 3 spell: Tukima's Dance
 11601 | D:9      | Reached * piety under Sif Muna
 11702 | D:9      | Noticed a centaur warrior
 11706 | D:9      | Killed a centaur warrior
 11707 | D:9      | Reached XP level 11. HP: 61/61 MP: 21/24
 12094 | D:10     | Entered Level 10 of the Dungeon
 12182 | D:10     | Found a staircase to the Orcish Mines.
 12632 | D:10     | Reached ** piety under Sif Muna
 12886 | D:10     | Reached skill level 10 in Spellcasting
 13379 | D:10     | Reached skill level 10 in Hexes
 14068 | D:10     | Found a transporter.
 14069 | D:10     | Noticed a deep elf knight
 14101 | D:10     | Found a transporter.
 14662 | D:11     | Reached *** piety under Sif Muna
 14663 | D:11     | Reached skill level 1 in Fighting
 14821 | D:11     | Found Poboiczo's Book Boutique.
 14823 | D:11     | Found Tiulaumm's Distillery.
 14824 | D:11     | Noticed a two-headed ogre
 14832 | D:11     | Killed a two-headed ogre
 14833 | D:11     | Found Parhist's Distillery.
 14835 | D:11     | Found Pachuh's Antique Weapon Boutique.
 14854 | D:11     | You fall into a shaft and drop 3 floors!
 14854 | D:14     | Noticed a red ugly thing
 14854 | D:14     | Noticed a red ugly thing
 14854 | D:14     | Noticed a red ugly thing
 14855 | D:14     | Upgraded the game from 0.27.1 to 0.27.1-1-g398f81649c
 14990 | D:14     | Reached XP level 12. HP: 70/70 MP: 14/26
 15082 | D:14     | Found a transporter.
 15106 | D:14     | Noticed Tuicow's ghost (journeyman DECj)
 15113 | D:14     | Noticed a death knight
 15190 | D:13     | Noticed a two-headed ogre
 15194 | D:13     | Noticed an eight-headed hydra
 15463 | D:12     | Found a runed translucent door.
 15465 | D:12     | Found a runed translucent door.
 15498 | D:12     | Found Viotebog's General Store.
 15732 | D:11     | Reached skill level 5 in Stealth
 15953 | D:11     | Noticed a two-headed ogre
 15962 | D:11     | Killed a two-headed ogre
 17015 | D:10     | Found a staircase to the Orcish Mines.
 17124 | D:10     | Found a transporter.
 17168 | D:10     | Found a transporter.
 17630 | D:3      | Killed Sigmund
 18002 | D:6      | Found a sparkling altar of Nemelex Xobeh.
 18924 | Lair:1   | Entered Level 1 of the Lair of Beasts
 18934 | Lair:1   | Found a dark tunnel.
 18942 | Volcano  | Entered a volcano
 19034 | Volcano  | Noticed a two-headed ogre
 19039 | Volcano  | Slain by a salamander

Illustrated notes

Levels and vault maps discovered:
D:1:      lightli_arrival_lavapool, layout_loops_ring
D:2:      layout_basic, basic_altar, chequers_serial_rivers_micro_a
D:3:      layout_rooms, chequers_ecumenical_altar_simple, uniq_robin,
          uniq_sigmund, uniq_natasha
D:4:      layout_cave_pods, minmay_misc_feat_alley
D:5:      layout_basic, enter_ossuary_2, kennysheep_small_circle
D:6:      cheibrodos_fzero, layout_basic, nemelex_altar_shiori
D:7:      old_forge, layout_loops_cross, nzn_wu_jian_council_hall,
          minmay_temple_entry_enclosed_plants, uniq_harold
D:8:      layout_rooms, minitemple, david_lair_generic
D:9:      layout_roguey, minmay_microvault
D:10:     gammafunk_wand_slinger, layout_loops_ring, zombieorc2_lemuel,
          serial_undead, serial_undead_f, serial_undead_b, serial_undead_c,
          serial_undead_a, serial_undead_f, serial_undead_a
D:11:     layout_basic, gauntlet_entry_generic, serial_bayou_pond_b,
          minmay_shop_grid_forest, minmay_stone_trees_small,
          minmay_misc_feat_tower
D:12:     lemuel_insect_pit, layout_loops_ring, serial_shops,
          nicolae_shop_behind_doors
D:13:     layout_basic
D:14:     layout_rooms, david_vaults_5, gammafunk_ghost_hive,
          chequers_serial_rivers_small_a
Temple:   regret_index_temple_mists
Lair:1:   layout_loops_ring, enter_volcano_1, infiniplex_staircase_pool_2,
          lemuel_fruit_tree
Volcano:  pf_volcano_lost_world

Skill      XL: |  1  2  3  4  5  6  7  8  9 10 11 12 |
---------------+-------------------------------------+-----
Spellcasting   | 3 4 5 6 7 9 10 11 | 11.2
Conjurations   | 5 6 8 9 10 | 10.1
Hexes          | 1 3 5 7 9 10 11 | 11.2
Stealth        | 4 6 |  6.1
Fighting       | 2 3 |  3.6
Dodging        | 3 4 |  4.3

Action                   |  1- 3 |  4- 6 |  7- 9 | 10-12 || total
-------------------------+-------+-------+-------+-------++-------
Melee: Unarmed           |    20 |     6 |    25 |       ||    51
       Constrict         |     8 |     2 |     7 |       ||    17
       Tentacles         |     5 |       |     2 |       ||     7
Throw: Throwing net      |       |       |       |     1 ||     1
 Cast: Magic Dart        |    64 |    74 |   156 |   202 ||   496
       Dazzling Flash    |     1 |       |       |    10 ||    11
       Searing Ray       |       |    16 |    49 |   146 ||   211
       Tukima's Dance    |       |       |       |     1 ||     1
Evoke: Wand              |       |     3 |    24 |     8 ||    35
  Use: Scroll            |     3 |       |     4 |     8 ||    15
 Stab: Invisible         |     1 |       |       |       ||     1
Armor: Skin              |       |       |       |     2 ||     2
Dodge: Dodged            |    15 |     4 |    37 |   174 ||   230
Block: Other             |       |       |     7 |    39 ||    46
       Reflection        |       |       |     2 |     7 ||     9
